AoeStats
← 竞技场场王

Arena

509576032Analyzed
3v3 RM · 7d ago on Sep 27, 2026· 56m 59s· 6 players
Game mode
Random Map
Map size
Normal (6 player)
Population
200
Speed
Normal
Resources
Standard
Victory
Conquest
Starting age
Dark Age
Ending age
Imperial Age
RankedLock teamsTeams togetherTeam positionsShared explorationLock speedFull tech treeHidden civsTurbo modeCheats
Victory
Defeat
🇨🇳 Varangians · China
1283
+15
🇩🇪 Britons · Germany
1276
+16
🇨🇳 Danes · China
1274
+16
🇺🇸 Spanish · United States
1280
-16
🇵🇭 Varangians · Philippines
1268
-16
🇵🇭 Britons · Philippines
1261
-15
Returned_Legend
11:29 Feudal Age
10:49 Loom
15:20 Castle Age
13:03 Horse Collar
13:32 Double-Bit Axe
18:07 Bow Saw
19:04 Heavy Plow
21:24 Padded Archer Armor
23:16 Wheelbarrow
24:40 Husbandry
24:51 Bloodlines
25:12 Gold Mining
26:24 Ballistics
26:57 Leather Archer Armor
28:04 Hand Cart
35:22 Imperial Age
33:24 Scale Barding Armor
33:30 Forging
34:41 Stone Mining
35:25 Cavalier
36:28 Conscription
36:31 Chain Barding Armor
36:47 Iron Casting
38:56 Two-Man Saw
41:11 Blast Furnace
40:47 Plate Barding Armor
40:31 Light Cavalry
41:57 Hussar
44:03 Masonry
45:07 Paladin
46:32 Murder Holes
47:08 Architecture
47:10 Town Watch
48:45 Caravan
48:50 Fletching
49:31 Ring Archer Armor
50:18 Bodkin Arrow
49:47 Elite Skirmisher
52:20 Bracer
53:25 Chemistry
53:11 Thumb Ring
54:16 Fortified Wall
54:27 Bombard Tower
56:02 Hoardings
55:16 Arrowslits
Hawke
9:51 Feudal Age
14:16 Castle Age
12:15 Double-Bit Axe
12:32 Horse Collar
16:23 Bow Saw
23:29 Husbandry
26:50 Bloodlines
30:53 Imperial Age
29:05 Scale Mail Armor
29:15 Forging
29:13 Squires
28:59 Gambesons
29:08 Arson
31:14 Chain Mail Armor
31:34 Iron Casting
31:06 Elite Varangian Guard
31:46 Gothikon
32:53 Conscription
32:46 Heavy Plow
33:51 Iron Casting
35:05 Onager
36:46 Plate Mail Armor
37:17 Blast Furnace
36:25 Capped Ram
39:27 Wheelbarrow
41:04 Blast Furnace
40:09 Siege Ram
49:30 Elite Skirmisher
bigups
11:17 Feudal Age
12:53 Loom
15:30 Castle Age
16:47 Double-Bit Axe
17:41 Horse Collar
19:25 Crossbowman
21:26 Fletching
24:19 Wheelbarrow
28:55 Ballistics
32:28 Imperial Age
30:35 Bodkin Arrow
30:41 Padded Archer Armor
31:45 Town Watch
32:30 Arbalester
33:21 Gold Mining
33:39 Bracer
35:07 Leather Archer Armor
36:05 Chemistry
38:26 Squires
38:12 Arson
37:47 Pikeman
41:06 Gambesons
43:59 Halberdier
45:48 Forging
45:44 Scale Barding Armor
45:32 Elite Longbowman
47:39 Light Cavalry
48:21 Husbandry
49:04 Iron Casting
48:30 Scale Mail Armor
48:51 Chain Barding Armor
49:03 Ring Archer Armor
Jake
4:48 Loom
10:52 Feudal Age
12:40 Double-Bit Axe
15:24 Castle Age
13:52 Horse Collar
15:57 Loom
16:48 Wheelbarrow
17:34 Bow Saw
22:19 Town Watch
22:39 Fletching
23:20 Padded Archer Armor
26:26 Hand Cart
26:13 Bodkin Arrow
27:34 Ballistics
27:25 Masonry
28:35 Leather Archer Armor
28:32 Heavy Plow
28:57 Fortified Wall
30:10 Squires
30:34 Scale Mail Armor
33:39 Imperial Age
32:30 Murder Holes
33:19 Forging
33:41 Pikeman
35:02 Hoardings
35:07 Architecture
34:44 Siege Engineers
37:05 Warwolf
39:41 Elite Longbowman
40:47 Bracer
44:57 Ring Archer Armor
44:52 Conscription
45:46 Town Patrol
46:04 Chain Mail Armor
48:35 Iron Casting
48:08 Halberdier
50:03 Plate Mail Armor
50:53 Blast Furnace
51:07 Yeomen
56:55 Chemistry
竞技场场王
9:19 Feudal Age
10:49 Feudal Age
12:44 Double-Bit Axe
15:08 Castle Age
13:56 Horse Collar
14:42 Loom
22:58 Husbandry
23:45 Wheelbarrow
24:34 Scale Barding Armor
26:29 Hand Cart
26:40 Bow Saw
27:01 Heavy Plow
26:53 Gold Mining
32:17 Imperial Age
30:33 Forging
32:41 Stone Mining
33:30 Conscription
32:37 Cavalier
33:27 Bloodlines
34:07 Chain Barding Armor
34:27 Stone Shaft Mining
34:56 Two-Man Saw
34:36 Town Watch
35:44 Vendel Legacy
38:21 Plate Barding Armor
39:37 Iron Casting
40:26 Elite Jarl
42:25 Capped Ram
43:52 Pikeman
44:33 Squires
44:34 Scale Mail Armor
45:35 Blast Furnace
44:37 Scale Mail Armor
44:28 Fletching
46:44 Ballistics
46:12 Halberdier
48:22 Chain Mail Armor
48:09 Padded Archer Armor
50:17 Siege Ram
52:08 Plate Mail Armor
52:05 Arson
54:26 Siege Engineers
54:18 Bodkin Arrow
54:33 Gothikon
55:14 Bracer
56:23 Chemistry
55:50 Masonry
55:21 Treadmill Crane
不太爽
10:14 Feudal Age
14:45 Castle Age
13:08 Horse Collar
13:32 Loom
14:59 Double-Bit Axe
17:15 Gold Mining
18:04 Scale Barding Armor
18:01 Scale Mail Armor
25:22 Town Watch
26:15 Wheelbarrow
29:35 Hand Cart
29:37 Bow Saw
30:31 Heavy Plow
31:29 Town Patrol
32:43 Stone Mining
36:00 Imperial Age
34:29 Stone Shaft Mining
33:43 Elite Skirmisher
34:15 Fletching
34:26 Padded Archer Armor
35:24 Chain Mail Armor
35:19 Forging
35:53 Ballistics
36:46 Padded Archer Armor
36:41 Bodkin Arrow
37:55 Leather Archer Armor
38:16 Iron Casting
38:11 Plate Mail Armor
37:46 Cranequins
39:52 Chemistry
38:49 Murder Holes
41:06 Gold Shaft Mining
40:40 Squires
40:00 Pikeman
40:27 Arson
41:52 Blast Furnace
40:52 Bracer
41:23 Ring Archer Armor
41:29 Ring Archer Armor
40:48 Halberdier
44:24 Thumb Ring
44:21 Caravan
45:13 Capped Ram
49:56 Scale Barding Armor
50:54 Siege Ram
53:01 Conscription
53:00 Masonry
53:08 Elite Varangian Guard
Connection lost

Rejoining the realm…

Still unreachable

The connection could not be restored.

Session expired

The server has moved on; the page needs a fresh start.